 Dungeon Crawl Stone Soup version 0.29.0-4-gdea44cf6ec (webtiles) character file.

Game seed: 5322404207150920869

1619 qw the Cleaver (level 8, -10/74 HPs)
             Began as a Minotaur Fighter on Sept 4, 2022.
             Mangled by an ogre
             ... wielding a +0 giant club
              (26 damage)
             ... on level 6 of the Dungeon.
             The game lasted 00:02:09 (5758 turns).

qw the Cleaver (Minotaur Fighter)                   Turns: 5758, Time: 00:02:09

Health: -10/74     AC:  9    Str: 24    XL:     8   Next: 64%
Magic:  2/2        EV:  9    Int:  5    God:
Gold:   429        SH:  5    Dex: 15    Spells: 7/7 levels left

rFire   . . .      SeeInvis .   Y - +2 war axe (antimagic)
rCold   . . .      Faith    .   c - +0 buckler
rNeg    . . .      Spirit   .   j - +0 chain mail
rPois   .          Reflect  .   (helmet restricted)
rElec   .          Harm     .   (no cloak)
rCorr   .          Rampage  .   (no gloves)
Will    .....                   (no boots)
Stlth   ..........              (no amulet)
HPRegen 0.22/turn               m - +6 ring of dexterity
MPRegen 0.08/turn               (no ring)

@: no status effects
A: horns 2, retaliatory headbutt
a: no special abilities


You were on level 6 of the Dungeon.
You visited 1 branch of the dungeon, and saw 6 of its levels.

You collected 429 gold pieces.


Innate Abilities, Weirdness & Mutations

You have a pair of horns on your head.
You reflexively headbutt those who attack you in melee.


   Skills:
 - Level 8.1 Fighting
 + Level 10.1 Axes
 - Level 3.6 Armour
 - Level 4.2 Dodging
 - Level 3.6 Shields


You had 7 spell levels left.
You didn't know any spells.
Your spell library was empty.

Inventory:

Hand Weapons
 h - a +0 flail
 Y - a +2 antimagic war axe (weapon)
Armour
 c - a +0 buckler (worn)
 j - a +0 chain mail (worn)
Jewellery
 m - a +6 ring of dexterity (left hand)
Scrolls
 a - a scroll of identify
 i - a scroll of immolation {unknown}
Potions
 b - a potion of heal wounds {unknown}
 d - a potion of might
 e - 3 potions of resistance
 f - a potion of cancellation
 g - 2 potions of haste
 k - a potion of curing {unknown}

Dungeon Overview and Level Annotations

Branches:
Dungeon (6/15)
 Temple: D:4-7

Altars:


Message History

The lemure hits you but does no damage.
You barely miss the lemure. You slice Pikel!!
Pikel is heavily wounded.
You hear a shout!
You slash Pikel! You headbutt Pikel!
You kill Pikel!
With Pikel's spell broken, his former minion thanks you for its freedom.
The lemure departs this earthly plane.
Your Fighting skill gained 3 levels and is now at level 8!
You start resting.
A shadow imp is nearby!
The shadow imp closely misses you.
Things that are here:
a +2 whip of electrocution; a +0 robe You slash the shadow imp!
You kill the shadow imp!
You start resting.
HP restored.
Found a quarterstaff.
You now have 429 gold pieces (gained 14).
Things that are here:
a +2 whip of electrocution; a +0 robe
Found a stone staircase leading down.
An ogre comes into view. It is wielding a +0 giant club.
You hit the ogre.
The ogre is lightly wounded.
The ogre hits you with a +0 giant club!!
You hit the ogre.
The ogre is lightly wounded.
The ogre hits you with a +0 giant club!
You hit the ogre.
The ogre is lightly wounded.
You slash the ogre! Your headbutt misses the ogre.
The ogre is heavily wounded.
The ogre hits you with a +0 giant club!!
You slash the ogre!
The ogre is severely wounded.
The ogre hits you with a +0 giant club!!
You die...

###########.#. #..
#............. #..
#......##...## #...
#......##..... #...
#......##..... #....
###.#####.###.
###...#######.#####.####
......O.......).........
..>....@.........#######
....).##...#####...##...
...## #...# ###.##... .
#...# #..#... #...#
##.#...
##+###########...
#.......#...
#.......#..#
#..###..##..


You could see an ogre.

Vanquished Creatures
  Pikel (D:6)
  Sigmund (D:2)
  A sky beast (D:6)
  An ice beast (D:6)
  A phantom (D:5)
  2 kobold brigands (D:3)
  2 necrophages (D:5)
  A scorpion (D:5)
  2 hounds (D:5)
  2 gnoll boudas
  A jelly (D:4)
  3 iguanas
  8 gnolls
  6 adders
  A shadow imp (D:6)
  A white imp (D:5)
  3 dart slugs
  An orc (D:5)
  6 ball pythons
  8 bats
  8 endoplasms
  2 giant cockroaches
  9 goblins
  9 hobgoblins
  5 jackals
  13 kobolds
  2 quokkas
  5 frilled lizards
  5 rats
110 creatures vanquished.

Notes
Turn   | Place    | Note
-------+----------+-------------------------------------------
     0 | D:1      | qw the Minotaur Fighter began the quest for the Orb.
     0 | D:1      | Reached XP level 1. HP: 19/19 MP: 0/0
     0 | D:1      | 0 ||| qw: Version: 0.1-a-103-gd6f5d3a
     0 | D:1      | 0 ||| qw: Game counter: 5472
     0 | D:1      | 0 ||| qw: Always use a shield: true
     0 | D:1      | 0 ||| qw: God list: Ru
     0 | D:1      | 0 ||| qw: Allow faded altars: false
     0 | D:1      | 0 ||| qw: Do Orc after D:15 true
     0 | D:1      | 0 ||| qw: Do second Lair branch before Depths: true
     0 | D:1      | 0 ||| qw: Lair rune preference: random
     0 | D:1      | 0 ||| qw: Plans: Normal
     0 | D:1      | 0 ||| PLANNING D:1-11
   166 | D:1      | Reached skill level 3 in Axes
   177 | D:1      | 177 ||| Stepping ~*~*~tactically~*~*~ (stealth).
   179 | D:1      | 179 ||| Stepping ~*~*~tactically~*~*~ (stealth).
   181 | D:1      | 181 ||| Stepping ~*~*~tactically~*~*~ (stealth).
   189 | D:1      | Reached XP level 2. HP: 21/26 MP: 1/1
   388 | D:1      | 388 ||| Stepping ~*~*~tactically~*~*~ (stealth).
   511 | D:1      | Reached skill level 4 in Axes
   807 | D:1      | Reached XP level 3. HP: 31/31 MP: 2/2
   828 | D:1      | 828 ||| DROPPING +0 club.
  1092 | D:1      | 1092 ||| READING 3 scrolls labelled ZIXEQE FOLLI.
  1093 | D:1      | 1093 ||| READING 2 scrolls labelled NIOSTEHEUC.
  1094 | D:1      | 1094 ||| READING scroll labelled CUH AWNACWA.
  1098 | D:1      | 1098 ||| READING scroll labelled URYTRUGANU.
  1099 | D:1      | 1099 ||| READING scroll labelled NIBYR ZICON.
  1100 | D:1      | 1100 ||| DRINKING 2 ruby potions.
  1101 | D:1      | 1101 ||| READING 2 scrolls of identify.
  1101 | D:1      | 1101 ||| IDENTIFYING puce potion
  1102 | D:1      | 1102 ||| DROPPING scroll of vulnerability.
  1103 | D:1      | 1103 ||| DROPPING potion of attraction.
  1104 | D:1      | 1104 ||| DROPPING potion of degeneration.
  1209 | D:2      | 1209 ||| Stepping ~*~*~tactically~*~*~ (stealth).
  1212 | D:2      | 1212 ||| Stepping ~*~*~tactically~*~*~ (stealth).
  1467 | D:2      | Found a faded altar of an unknown god.
  1468 | D:2      | 1468 ||| READING scroll labelled VOZOOMI BESOR.
  1469 | D:2      | 1469 ||| DRINKING 2 metallic dark potions.
  1470 | D:2      | 1470 ||| READING 2 scrolls of identify.
  1470 | D:2      | 1470 ||| IDENTIFYING viscous sapphire potion
  1471 | D:2      | 1471 ||| Stepping randomly (stuck).
  1475 | D:2      | 1475 ||| Stepping randomly (stuck).
  1477 | D:2      | 1477 ||| Stepping randomly (stuck).
  1537 | D:2      | 1537 ||| Stepping ~*~*~tactically~*~*~ (stealth).
  1648 | D:2      | Reached skill level 5 in Axes
  1799 | D:2      | Noticed Sigmund
  1800 | D:2      | 1800 ||| Stepping ~*~*~tactically~*~*~ (hiding).
  1806 | D:2      | Killed Sigmund
  1807 | D:2      | Reached XP level 4. HP: 39/39 MP: 3/3
  1807 | D:2      | Reached XP level 5. HP: 45/45 MP: 4/4
  1937 | D:2      | 1937 ||| FLEEEEING.
  1978 | D:2      | 1978 ||| Stepping ~*~*~tactically~*~*~ (stealth).
  1980 | D:2      | 1980 ||| Stepping ~*~*~tactically~*~*~ (hiding).
  2130 | D:2      | 2130 ||| READING scroll labelled DEUHY OVVEGUH.
  2131 | D:2      | 2131 ||| READING scroll labelled KIAPNI ZAUWU.
  2132 | D:2      | 2132 ||| READING 2 scrolls of identify.
  2132 | D:2      | 2132 ||| IDENTIFYING pink potion
  2133 | D:2      | 2133 ||| DROPPING potion of magic.
  2263 | D:3      | 2263 ||| SWAPPING to +1 antimagic war axe.
  2264 | D:3      | 2264 ||| DROPPING +1 war axe.
  2275 | D:3      | 2275 ||| Stepping ~*~*~tactically~*~*~ (stealth).
  2540 | D:3      | 2540 ||| Stepping ~*~*~tactically~*~*~ (stealth).
  2546 | D:3      | 2546 ||| Stepping ~*~*~tactically~*~*~ (stealth).
  2549 | D:3      | 2549 ||| Stepping ~*~*~tactically~*~*~ (stealth).
  2633 | D:3      | 2633 ||| Stepping ~*~*~tactically~*~*~ (stealth).
  2642 | D:3      | Reached skill level 6 in Axes
  2642 | D:3      | Reached XP level 6. HP: 23/51 MP: 1/5
  2972 | D:3      | 2972 ||| READING scroll of enchant weapon.
  2972 | D:3      | 2972 ||| ENCHANTING +1 antimagic war axe.
  3029 | D:3      | 3029 ||| Stepping ~*~*~tactically~*~*~ (hiding).
  3030 | D:3      | 3030 ||| Stepping ~*~*~tactically~*~*~ (hiding).
  3060 | D:3      | 3060 ||| READING scroll labelled FOACUCSEOS.
  3061 | D:3      | 3061 ||| READING 2 scrolls of identify.
  3061 | D:3      | 3061 ||| IDENTIFYING murky purple potion
  3062 | D:3      | 3062 ||| DROPPING potion of lignification.
  3156 | D:4      | Reached skill level 7 in Axes
  3404 | D:4      | 3404 ||| Stepping ~*~*~tactically~*~*~ (hiding).
  3422 | D:4      | Reached XP level 7. HP: 34/59 MP: 2/6
  3569 | D:4      | 3569 ||| DROPPING +0 mace.
  3681 | D:4      | 3681 ||| UPGRADING to +0 chain mail.
  3691 | D:4      | 3691 ||| DROPPING +0 scale mail.
  3692 | D:4      | 3692 ||| READING scroll labelled BESOIZ DAMIYPEAKI.
  3837 | D:4      | 3837 ||| DRINKING 2 fizzy amethyst potions.
  3869 | D:5      | Entered Level 5 of the Dungeon
  4015 | D:5      | Reached skill level 8 in Axes
  4136 | D:5      | 4136 ||| Stepping ~*~*~tactically~*~*~ (hiding).
  4139 | D:5      | 4139 ||| Stepping ~*~*~tactically~*~*~ (hiding).
  4140 | D:5      | 4140 ||| Stepping ~*~*~tactically~*~*~ (hiding).
  4292 | D:5      | 4292 ||| Stepping ~*~*~tactically~*~*~ (hiding).
  4521 | D:5      | Reached skill level 9 in Axes
  4930 | D:5      | 4930 ||| Stepping ~*~*~tactically~*~*~ (stealth).
  4933 | D:5      | 4933 ||| Stepping ~*~*~tactically~*~*~ (stealth).
  4969 | D:5      | 4969 ||| DROPPING +6 ring of intelligence.
  4970 | D:5      | 4970 ||| UPGRADING to +6 ring of dexterity.
  4971 | D:5      | 4971 ||| READING scroll labelled TIJO MUUXKA.
  5072 | D:5      | 5072 ||| READING scroll labelled UZETHR TEACU.
  5073 | D:5      | 5073 ||| READING scroll labelled ARIPIQ HISK.
  5074 | D:5      | 5074 ||| Stepping randomly (stuck).
  5075 | D:5      | 5075 ||| Stepping ~*~*~tactically~*~*~ (cloud).
  5398 | D:6      | Reached XP level 8. HP: 46/69 MP: 2/7
  5671 | D:6      | Reached skill level 10 in Axes
  5691 | D:6      | Noticed Pikel
  5692 | D:6      | 5692 ||| Stepping ~*~*~tactically~*~*~ (hiding).
  5699 | D:6      | Killed Pikel
  5757 | D:6      | HP: 16/74 [ogre/+0 giant club (28)]
  5758 | D:6      | Mangled by an ogre

Levels and vault maps discovered:
D:1:      dpeg_arrival_solitude, layout_basic
D:2:      layout_loops_cross, shapermc_ecumenical_altar_notcrosses,
          roderic_serpentine_path, grunt_decor_cap, uniq_sigmund
D:3:      cheibrodos_thug_alley, layout_basic
D:4:      layout_gridville, hangedman_decor_clover_reticule
D:5:      layout_loops_cross, chequers_serial_rivers_small_a, chequers_garden,
          corexii_hall_statues_x
D:6:      layout_basic, kennysheep_generic_room_11, uniq_pikel

Skill      XL: |  1  2  3  4  5  6  7  8 |
---------------+-------------------------+-----
Axes           | 3 4 5 6 7 9 10 | 10.1
Dodging        | 4 |  4.2
Fighting       | 4 5 8 |  8.1
Armour         | |  3.6
Shields        | |  3.6

Action                   |  1- 3 |  4- 6 |  7- 9 || total
-------------------------+-------+-------+-------++-------
Melee: War axe           |    83 |   103 |    88 ||   274
       Headbutt          |     9 |    12 |    18 ||    39
  Use: Scroll            |     8 |     6 |     4 ||    18
       Potion            |     2 |       |     1 ||     3
Armor: Scale mail        |    28 |    36 |       ||    64
       Chain mail        |       |       |    29 ||    29
Dodge: Dodged            |    34 |    45 |    24 ||   103
Block: Buckler           |     9 |    18 |     7 ||    34

Table legend:
 A = Non-vault XP
 B = Vault XP
 C = Vault XP percentage of total XP
 D = Non-vault monster count
 E = Vault monster count
 F = Vault count percentage of total count
                 A         B        C        D         E       F
            +---------+---------+-------+---------+---------+-------
      Total |    1253 |    1061 |  45.9 |      96 |      14 |  12.7
            +---------+---------+-------+---------+---------+-------
        D:1 |      51 |       0 |   0.0 |      31 |       0 |   0.0
        D:2 |      40 |     214 |  84.3 |      16 |       1 |   5.9
        D:3 |      43 |     217 |  83.5 |      17 |      11 |  39.3
        D:4 |     170 |       0 |   0.0 |      12 |       0 |   0.0
        D:5 |     620 |       0 |   0.0 |      15 |       0 |   0.0
        D:6 |     329 |     630 |  65.7 |       5 |       2 |  28.6
            +---------+---------+-------+---------+---------+-------
